 Dungeon Crawl Stone Soup version 0.26.0-10-g1f06aea511 (webtiles) character file.

Game seed: 18250298259627503773

3786 Borgoz the Carver (level 10, -5/84 HPs)
             Began as a Ghoul Gladiator on Jan 30, 2021.
             Was a Follower of Ashenzari.
             Slain by a two-headed ogre
             ... wielding a +0 giant club
              (6 damage)
             ... on level 9 of the Dungeon.
             The game lasted 00:16:01 (9543 turns).

Borgoz the Carver (Ghoul Gladiator)                 Turns: 9543, Time: 00:16:01

Health: -5/84      AC: 13    Str: 25    XL:     10   Next: 16%
Magic:  9/9        EV: 14    Int:  3    God:    Ashenzari [*.....]
Gold:   664        SH:  3    Dex: 13    Spells: 9/9 levels left

rFire    . . .     SeeInvis .   b - +3 dagger (venom)
rCold    + . .     Faith    .   x - +0 buckler
rNeg     + + +     Spirit   .   d - +0 troll leather armour
rPois    ∞         Reflect  .   c - +1 helmet
rElec    .         Harm     .   p - +0 cloak
rCorr    .         Rampage  .   r - +2 pair of gloves
Will     .....                  v - +0 pair of boots
Stlth    +.........             l - amulet of regeneration
HPRegen  0.00/turn              q - +6 ring of strength
MPRegen  0.11/turn              (no ring)

@: no status effects
A: claws 1, cold resistance 1, negative energy resistance 3, inhibited
regeneration, torment resistance, unbreathing
a: Renounce Religion, Curse Item, Scrying


You were on level 9 of the Dungeon.
You worshipped Ashenzari.
Ashenzari was aware of your devotion.
You visited 2 branches of the dungeon, and saw 10 of its levels.

You collected 664 gold pieces.

Inventory:

Hand Weapons
 a - a +0 long sword
 b - a +3 dagger of venom (weapon)
Armour
 c - a +1 helmet (worn)
 d - a +0 troll leather armour (worn)
 p - a +0 cloak (worn)
 r - a +2 pair of gloves (worn)
 v - a +0 pair of boots (worn)
 x - a +0 buckler (worn)
Jewellery
 l - an amulet of regeneration (around neck)
 q - a +6 ring of strength (left hand)
Wands
 g - a wand of iceblast (5)
 h - a wand of flame (12)
 u - a wand of digging (1)
Scrolls
 e - a scroll of torment
 i - 4 scrolls of remove curse
 j - a scroll of fear
 m - 2 scrolls of magic mapping
 n - a scroll of teleportation
 t - a scroll of blinking {unknown}
 w - a scroll of fog
Potions
 f - 3 potions of degeneration {unknown}
 k - 3 potions of resistance
 o - a potion of haste


   Skills:
 + Level 6.7 Fighting
 * Level 8.1 Long Blades
 - Level 1.7 Throwing
 * Level 7.5 Armour
 + Level 5.9 Dodging
 + Level 0.0 Shields


You had 9 spell levels left.
You didn't know any spells.
Your spell library contained the following spells:

 Spells                   Type           Power        Failure   Level
 Animate Skeleton         Necr           0%           75%         1
 Apportation              Tloc           0%           75%         1
 Corona                   Hex            0%           75%         1
 Magic Dart               Conj           0%           75%         1
 Summon Small Mammal      Summ           0%           75%         1
 Searing Ray              Conj           0%           86%         2
 Dazzling Flash           Conj/Hex       0%           98%         3
 Fulminant Prism          Conj/Hex       0%           100%        4
 Iskenderun's Mystic Bla  Conj/Tloc      0%           100%        4


Dungeon Overview and Level Annotations

Branches:
Dungeon (9/15)             Temple (1/1) D:4             Orc (0/2) D:9
   Lair: D:8-11

Altars:
Ashenzari
Cheibriados
Dithmenos
Elyvilon
Fedhas
Gozag
Hepliaklqana
Kikubaaqudgha
Makhleb
Nemelex Xobeh
Okawaru
Qazlal
Ru
Sif Muna
Trog
Uskayaw
Vehumet
Wu Jian
Yredelemnul
Zin
The Shining One
Jiyva

Shops:
D:5 [

Annotations:
D:5 2 transporters, MysterY8s's ghost, amateur DrFi
D:8 2 transporters


Innate Abilities, Weirdness & Mutations

You thrive by killing the living.
You are immune to poison.
You have sharp fingernails.
Your flesh is cold resistant. (rC+)
You are immune to negative energy. (rN+++)
You do not regenerate when monsters are visible.
You are immune to unholy pain and torment.
You can survive without breathing.


Message History

You are too injured to fight recklessly!
You hit the two-headed ogre.
The two-headed ogre is lightly wounded.
Setting a skill training target for Shields at 4.0.
You hit the two-headed ogre.
The two-headed ogre looks as sick as possible!
The two-headed ogre is moderately wounded.
The two-headed ogre hits you with a +0 giant club!
The two-headed ogre hits you with a +0 giant club.
* * * LOW HITPOINT WARNING * * *
You feel better.
The two-headed ogre hits you with a +0 giant club!!
* * * LOW HITPOINT WARNING * * *
The two-headed ogre hits you with a +0 giant club.
* * * LOW HITPOINT WARNING * * *
You feel better.
The two-headed ogre hits you with a +0 giant club!
* * * LOW HITPOINT WARNING * * *
The two-headed ogre hits you with a +0 giant club.
You die...

+...)..#### ##.#
#......'..########..
#......##...........
#......############.
#......# ## ####'### ##.#
##..# #.@## ##+## #O##
....)##### ####.#####
#######
.....'...###........#
#......
....<###....(.......#####
#...... .....
#####............###......
.....
#.....[..###...#....>.
##+## #>.......#
###.'.)./.. #........#
###......


You could see a two-headed ogre (very poisoned).

Vanquished Creatures
  A two-headed ogre (D:9)
  A troll (D:9)
  A yak (D:4)
  Menkaure (D:4)
  A water moccasin (D:6)
  Duvessa (D:4)
  An orc warrior (D:9)
  3 sky beasts
  2 ice beasts (D:6)
  4 ogres
  A phantom (D:7)
  A centaur (D:5)
  2 big kobolds
  A gnoll sergeant (D:9)
  Dowan (D:4)
  A water moccasin skeleton (D:7)
  2 howler monkeys
  A centaur zombie (D:5)
  2 orc priests (D:6)
  A bullfrog skeleton (D:7)
  3 centaur skeletons
  4 hounds
  7 orc wizards
  A gnoll shaman (D:4)
  Terence (D:2)
  An iguana (D:7)
  4 worker ants
  A killer bee zombie (D:7)
  2 hound zombies
  8 gnolls
  10 adders
  A shadow imp (D:6)
  A white imp (D:6)
  4 ufetubi
  2 worms
  2 dart slugs (D:1)
  A leopard gecko (D:2)
  21 orcs
  6 giant cockroaches
  7 goblins
  4 hobgoblins
  11 jackals
  4 quokkas
  8 bats
  3 frilled lizards
  A jackal zombie (D:5)
  29 kobolds
  5 rats
181 creatures vanquished.

Vanquished Creatures (others)
  11 plants (D:5)
11 creatures vanquished.

Grand Total: 192 creatures vanquished

Notes
Turn   | Place    | Note
-------+----------+-------------------------------------------
     0 | D:1      | Borgoz the Ghoul Gladiator began the quest for the Orb.
     0 | D:1      | Reached XP level 1. HP: 17/17 MP: 0/0
   215 | D:1      | Reached XP level 2. HP: 18/24 MP: 1/1
   756 | D:1      | Reached skill level 1 in Armour
   968 | D:1      | Reached skill level 3 in Long Blades
  1345 | D:2      | Found a glowing golden altar of the Shining One.
  1381 | D:2      | Reached XP level 3. HP: 30/30 MP: 2/2
  1598 | D:1      | Reached XP level 4. HP: 12/37 MP: 3/3
  2431 | D:2      | Noticed Terence
  2442 | D:2      | Killed Terence
  2443 | D:2      | Reached XP level 5. HP: 28/44 MP: 4/4
  3415 | D:4      | Noticed Menkaure
  3423 | D:4      | Killed Menkaure
  3424 | D:4      | Reached skill level 4 in Long Blades
  3424 | D:4      | Reached XP level 6. HP: 40/51 MP: 5/5
  3709 | D:4      | Noticed Duvessa
  3823 | D:4      | Found a staircase to the Ecumenical Temple.
  3868 | Temple   | Entered the Ecumenical Temple
  4283 | Temple   | Became a worshipper of Ashenzari the Shackled
  4322 | D:4      | Identified the +3 leather armour of Leapfrog {*Slow Int+8}
  4372 | D:4      | Noticed a yak
  4389 | D:4      | Killed a yak
  4390 | D:4      | Reached XP level 7. HP: 21/58 MP: 6/6
  4564 | D:4      | Noticed Dowan
  4582 | D:4      | Killed Duvessa
  4583 | D:4      | Reached skill level 5 in Long Blades
  4585 | D:4      | Killed Dowan
  4917 | D:4      | Found an ancient bone altar of Kikubaaqudgha.
  4990 | D:5      | Entered Level 5 of the Dungeon
  4998 | D:5      | Reached XP level 8. HP: 67/67 MP: 7/7
  5050 | D:5      | Found Tebiud's Armour Boutique.
  5336 | D:5      | Noticed MysterY8s's ghost (amateur DrFi)
  5338 | D:5      | Found a transporter.
  5350 | D:5      | Found a transporter.
  5443 | D:5      | Found a bloodstained altar of Trog.
  5891 | D:5      | Reached skill level 5 in Armour
  6171 | D:6      | Found a sacrificial altar of Ru.
  6208 | D:6      | Reached skill level 6 in Long Blades
  6224 | D:6      | Reached skill level 5 in Fighting
  6425 | D:6      | Found a radiant altar of Vehumet.
  6565 | D:6      | Reached XP level 9. HP: 74/74 MP: 8/8
  6699 | D:6      | Reached skill level 5 in Dodging
  6717 | D:6      | Found a basalt altar of Yredelemnul.
  6768 | D:6      | Found a sparkling altar of Nemelex Xobeh.
  7166 | D:7      | Reached * piety under Ashenzari
  7270 | D:7      | Found an opulent altar of Gozag.
  7465 | D:7      | Reached skill level 7 in Long Blades
  7638 | D:7      | Found a glowing silver altar of Zin.
  7858 | D:8      | Noticed a two-headed ogre
  7859 | D:8      | Found an ornate altar of the Wu Jian Council.
  7859 | D:8      | Found a hide-covered altar of Uskayaw.
  7874 | D:8      | HP: 3/75 [two-headed ogre/+0 giant spiked club (12)]
  7874 | D:8      | HP: 1/75 [two-headed ogre/+0 giant spiked club (2)]
  8386 | D:8      | Found a transporter.
  8391 | D:8      | Identified the ring of Accord {+Blink rC- Str+4 Dex+6}
  8391 | D:8      | Noticed a great orb of eyes
  8442 | D:8      | Found a shadowy altar of Dithmenos.
  8690 | D:8      | Found a shadowy altar of Dithmenos.
  8788 | D:8      | Found a transporter.
  8792 | D:8      | Found a viscous altar of Jiyva.
  8916 | D:9      | Noticed a two-headed ogre
  8946 | D:9      | Killed a two-headed ogre
  9012 | D:9      | Noticed a troll
  9036 | D:9      | Killed a troll
  9037 | D:9      | Reached XP level 10. HP: 35/84 MP: 9/9
  9123 | D:9      | Found a staircase to the Orcish Mines.
  9216 | D:9      | Reached skill level 8 in Long Blades
  9523 | D:9      | Noticed a two-headed ogre
  9542 | D:9      | HP: 3/84 [two-headed ogre/+0 giant club (6)]
  9543 | D:9      | HP: 1/84 [two-headed ogre/+0 giant club (7)]
  9543 | D:9      | Slain by a two-headed ogre

Illustrated notes

Levels and vault maps discovered:
D:1:      elethiomel_arrival_quiet, layout_basic, minmay_misc_feat_tower,
          skrybe_limestone_x
D:2:      layout_loops_ring, lemuel_doored_altar, uniq_terence
D:3:      layout_loops_cross
D:4:      cheibrodos_barr_body, layout_basic, kennysheep_mini_moat,
          minmay_temple_entry_stoned_glass, uniq_menkaure, uniq_duvessa
D:5:      kennysheep_kobold_camp, layout_loops_ring,
          nicolae_overflow_hidden_temple, gammafunk_ghost_smash, serial_shops,
          shop
D:6:      layout_rooms, general_overflow_altar, lemuel_round_altar,
          marbit_many_paths, vehumet_altar_wand_db
D:7:      layout_loops_cross, pdpol_temple_overflow_zin_treasury_gozag_greed
D:8:      gammafunk_jiyva_shrine, layout_rooms, kennysheep_mini,
          chequers_temple_overflow_statue_of_worship, serial_corexii_hall,
          corexii_hall_statues_s, corexii_hall_statues_i,
          corexii_hall_statues_l, corexii_hall_statues_x,
          nicolae_dithmenos_shadow_blocks
D:9:      layout_roguey, xom_shifter_show, orc_0_dummy
Temple:   compressed_dpeg_triangle_lava_temple

Skill      XL: |  1  2  3  4  5  6  7  8  9 10 |
---------------+-------------------------------+-----
Armour         | 1 2 3 4 5 7 |  7.5
Long Blades    | 3 4 5 6 7 8 |  8.1
Dodging        | 3 4 5 |  5.9
Fighting       | 3 4 5 6 |  6.7
Throwing       | |  1.7

Action                   |  1- 3 |  4- 6 |  7- 9 | 10-12 || total
-------------------------+-------+-------+-------+-------++-------
Melee: Long sword        |   101 |   179 |   432 |       ||   712
       Dagger            |       |       |    20 |    82 ||   102
Throw: Throwing net      |     1 |     6 |     1 |       ||     8
Evoke: Wand              |       |       |     3 |       ||     3
  Use: Scroll            |       |     5 |    13 |       ||    18
       Potion            |       |     2 |     7 |     3 ||    12
 Stab: Held in net/web   |     1 |       |       |       ||     1
       Invisible         |       |       |     2 |       ||     2
Armor: Leather armour    |    38 |    11 |       |       ||    49
       Ring mail         |       |    65 |   227 |       ||   292
       Troll leather arm |       |       |       |    24 ||    24
Dodge: Dodged            |    86 |   119 |   377 |    73 ||   655
       Rpst.: Long sword |    26 |    37 |    94 |       ||   157
